AoeStats
← Didi

Black Forest

509731398Analyzed
4v4 RM · 5d ago on Sep 27, 2026· 33m 43s· 8 players
Game mode
Random Map
Map size
Large (8 player)
Population
200
Speed
Normal
Resources
Standard
Victory
Conquest
Starting age
Dark Age
Ending age
Imperial Age
RankedLock teamsTeams togetherTeam positionsShared explorationLock speedFull tech treeHidden civsTurbo modeCheats
Victory
Defeat
🇦🇷 Ethiopians · Argentina
1533
+13
1491
+14
🇦🇷 Burmese · Argentina
1465
+15
🇦🇷 Bengalis · Argentina
1445
+16
🇺🇸 Lithuanians · United States
1535
-18
🇩🇪 Poles · Germany
1434
-14
🇳🇱 Saracens · Netherlands
1425
-13
🇹🇷 Malay · Türkiye
1410
-13
Didi
0:35 Loom
13:34 Feudal Age
14:02 Double-Bit Axe
20:01 Castle Age
19:51 Fishing Lines
21:57 Wheelbarrow
22:18 Gold Mining
23:22 Stone Mining
24:33 Horse Collar
25:35 Fletching
26:04 Gillnets
27:26 Bow Saw
28:55 Bodkin Arrow
32:30 Imperial Age
30:36 Hand Cart
30:43 Padded Archer Armor
30:24 Crossbowman
32:01 Thumb Ring
32:13 Leather Archer Armor
32:20 Ballistics
34:12 Chemistry
33:17 Bracer
32:38 Arbalester
32:52 Onager
34:39 Two-Man Saw
Erebor.
0:44 Loom
13:05 Feudal Age
15:55 Fletching
22:48 Castle Age
21:37 Town Watch
21:35 Horse Collar
21:46 Gold Mining
21:53 Stone Mining
28:31 Heavy Plow
33:44 Wheelbarrow
34:29 Gold Shaft Mining
[CL] ßitokø × 1876
9:41 Loom
11:41 Feudal Age
12:37 Double-Bit Axe
12:35 Fishing Lines
17:17 Wheelbarrow
20:38 Castle Age
18:44 Horse Collar
21:32 Bow Saw
21:14 Gillnets
22:36 Hand Cart
26:26 Chemistry
28:01 Imperial Age
29:38 Scale Mail Armor
29:48 Forging
29:00 Pikeman
29:40 Squires
29:26 Arson
30:48 Two-Man Saw
29:49 Heavy Plow
30:01 Masonry
30:01 Houfnice
30:10 Halberdier
31:07 Chain Mail Armor
32:49 Plate Mail Armor
32:55 Iron Casting
33:23 Bombard Tower
33:40 Architecture
33:31 Ballistics
33:09 Murder Holes
Marthyn
11:08 Feudal Age
14:47 Castle Age
13:12 Double-Bit Axe
13:28 Fishing Lines
13:47 Loom
15:53 Bow Saw
15:41 Gillnets
17:42 Redemption
18:16 Sanctity
22:00 Atonement
24:38 Horse Collar
28:14 Wheelbarrow
27:25 Town Watch
30:56 Imperial Age
29:53 Fervor
29:39 Gold Mining
31:07 Hand Cart
31:10 Siege Elephant
32:21 Illumination
32:11 Block Printing
32:36 Theocracy
32:38 Forging
32:40 Scale Barding Armor
32:40 Devotion
33:50 Two-Man Saw
33:21 Bloodlines
33:11 Husbandry
34:03 Iron Casting
AttilathePun463
11:09 Feudal Age
12:25 Double-Bit Axe
15:12 Castle Age
12:54 Horse Collar
16:18 Bow Saw
16:01 Fishing Lines
18:19 Loom
18:50 Heavy Plow
22:28 Wheelbarrow
22:03 Gillnets
25:13 Hand Cart
29:16 Imperial Age
27:37 Scale Barding Armor
28:58 Bloodlines
28:49 Husbandry
30:20 Chain Barding Armor
29:26 Cavalier
30:54 Crop Rotation
31:25 Two-Man Saw
31:37 Plate Barding Armor
31:15 Gold Mining
32:09 Conscription
31:25 Paladin
32:26 Forging
32:13 Stone Mining
32:19 Light Cavalry
33:43 Iron Casting
33:28 Fletching
34:40 Chemistry
34:03 Ballistics
34:48 Chemistry
bommietommie
9:26 Loom
12:16 Feudal Age
13:05 Double-Bit Axe
13:46 Horse Collar
14:33 Fletching
21:03 Gold Mining
23:22 Castle Age
21:15 Stone Mining
26:17 Gold Shaft Mining
29:03 Imperial Age
26:42 Bodkin Arrow
27:14 Bow Saw
27:17 Crossbowman
Yellowping
10:44 Feudal Age
14:56 Castle Age
13:29 Double-Bit Axe
13:38 Horse Collar
15:06 Loom
16:41 Scale Barding Armor
24:54 Forging
25:24 Wheelbarrow
27:48 Heavy Plow
27:59 Bow Saw
tH_cept
0:44 Loom
10:45 Feudal Age
16:57 Castle Age
15:12 Fletching
16:47 Double-Bit Axe
26:18 Scale Mail Armor
Connection lost

Rejoining the realm…

Still unreachable

The connection could not be restored.

Session expired

The server has moved on; the page needs a fresh start.